 Dungeon Crawl Stone Soup version 0.27-a0-1188-g73eefd5def (webtiles) character file.

Game seed: 9848755273673660328

366 chippings the Ruffian (level 6, -1/52 HPs)
             Began as a Ghoul Gladiator on May 21, 2021.
             Was an Initiate of Ashenzari.
             Slain by an orc priest
             ... wielding a +0 flail
              (4 damage)
             ... on level 4 of the Dungeon.
             The game lasted 00:05:41 (2517 turns).

chippings the Ruffian (Ghoul Gladiator)             Turns: 2517, Time: 00:05:42

Health: -1/52      AC: 10    Str: 20    XL:     6   Next: 68%
Magic:  5/5        EV:  8    Int:  3    God:    Ashenzari [......]
Gold:   114        SH:  5    Dex: 10    Spells: 5/5 levels left

rFire    + . .     SeeInvis .     - Unarmed
rCold    + . .     Faith    .   (no shield)
rNeg     + + +     Spirit   .   l - +0 chain mail
rPois    ∞         Reflect  +   b - +0 helmet
rElec    .         Harm     .   (no cloak)
rCorr    .         Rampage  .   (no gloves)
Will     +....                  d - +0 pair of boots
Stlth    ..........             n - amulet of reflection
HPRegen  0.00/turn              i - ring of willpower
MPRegen  0.09/turn              o - ring of protection from fire

@: no status effects
A: claws 1, cold resistance 1, negative energy resistance 3, inhibited
regeneration, torment resistance 2
a: Renounce Religion


You were on level 4 of the Dungeon.
You worshipped Ashenzari.
Ashenzari was noncommittal.
You visited 1 branch of the dungeon, and saw 4 of its levels.

You collected 114 gold pieces.

Inventory:

Hand Weapons
 g - a +3 dagger
 m - a +2 short sword of venom
Missiles
 c - 5 throwing nets (quivered)
Armour
 b - a +0 helmet (worn)
 d - a +0 pair of boots (worn)
 l - a +0 chain mail (worn)
Jewellery
 i - a ring of willpower (left claw)
 n - an amulet of reflection (around neck)
 o - a ring of protection from fire (right claw)
Scrolls
 e - a scroll of immolation
 h - a scroll of teleportation
 j - 2 scrolls of holy word
 p - a scroll of amnesia
Potions
 a - 3 potions of curing
 f - a potion of brilliance
 k - 4 potions of heal wounds


   Skills:
 - Level 4.0 Fighting
 - Level 1.7 Throwing
 - Level 2.6 Dodging
 + Level 7.2 Unarmed Combat


You had 5 spell levels left.
You didn't know any spells.
Your spell library was empty.

Dungeon Overview and Level Annotations

Branches:
Dungeon (4/15)
 Temple: D:4-7

Altars:
Ashenzari

Shops:
D:2 *


Innate Abilities, Weirdness & Mutations

You thrive by killing the living.
You are immune to poison.
You have sharp fingernails.
Your flesh is cold resistant. (rC+)
You are immune to negative energy. (rN+++)
You do not regenerate when monsters are visible.
You are immune to unholy pain and torment.


Message History

You closely miss the orc priest.
The orc priest mumbles some strange prayers to Beogh against you.
Beogh smites you!
You hear a shout! x2
You scratch the orc priest but do no damage.
The orc priest closely misses you.
You scratch the orc priest.
The orc priest is heavily wounded.
You scratch the orc priest.
The orc priest is severely wounded.
The orc priest barely misses you.
An orc priest comes into view. It is wielding a +0 flail.
You claw the orc priest!
You kill the orc priest!
The orc priest mumbles some strange prayers to Beogh against you.
Beogh smites you!
* * * LOW HITPOINT WARNING * * *
You hear a shout!
You hear an angry hiss.
You closely miss the orc priest.
The orc priest hits you with a +0 flail.
* * * LOW HITPOINT WARNING * * *
You scratch the orc priest.
The orc priest is lightly wounded.
The orc priest hits you with a +0 flail.
* * * LOW HITPOINT WARNING * * *
You scratch the orc priest.
The orc priest is moderately wounded.
You barely miss the orc priest.
The orc priest is moderately wounded.
The orc priest barely misses you.
You completely miss the orc priest.
The orc priest is moderately wounded.
The orc priest hits you but does no damage.
You barely miss the orc priest.
You claw the orc priest, but do no damage.
The orc priest is moderately wounded.
An orc wizard comes into view. It is wielding a +0 dagger.
You closely miss the orc wizard.
The orc priest hits you with a +0 flail.
You die...

## # ####o## ..
#)###..@o.#.#..
#.....).#.....#
#.###......#.##
##.#####.#
#)......#
#.####### #.#
#.# #.#


You could see an orc priest and an orc wizard.

Vanquished Creatures
  3 orc priests
  Natasha (thrice) (D:3)
  2 orc wizards (D:3)
  3 gnolls (D:3)
  5 adders
  A worm (D:2)
  6 orcs (D:3)
  4 ball pythons
  4 endoplasms
  A giant cockroach (D:2)
  7 goblins
  10 hobgoblins
  4 jackals (D:1)
  2 quokkas
  2 bats
  5 frilled lizards
  8 kobolds
  7 rats
77 creatures vanquished.

Notes
Turn   | Place    | Note
-------+----------+-------------------------------------------
     0 | D:1      | chippings the Ghoul Gladiator began the quest for the Orb.
     0 | D:1      | Reached XP level 1. HP: 17/17 MP: 0/0
   133 | D:1      | Reached XP level 2. HP: 25/25 MP: 1/1
   305 | D:1      | Reached XP level 3. HP: 28/31 MP: 2/2
   419 | D:1      | Reached skill level 4 in Unarmed Combat
  1003 | D:2      | Reached XP level 4. HP: 40/40 MP: 3/3
  1319 | D:2      | Found Houtzuass's Assorted Antiques.
  1395 | D:3      | Noticed Natasha
  1401 | D:3      | Killed Natasha
  1495 | D:3      | Reached skill level 5 in Unarmed Combat
  1495 | D:3      | Reached XP level 5. HP: 46/46 MP: 4/4
  1555 | D:3      | Noticed Natasha
  1566 | D:3      | Killed Natasha
  1770 | D:3      | Noticed Natasha
  1771 | D:3      | Found a broken altar of Ashenzari.
  1951 | D:3      | Reached skill level 6 in Unarmed Combat
  1961 | D:3      | Reached XP level 6. HP: 46/52 MP: 5/5
  2214 | D:3      | Killed Natasha
  2408 | D:3      | Became a worshipper of Ashenzari the Shackled
  2499 | D:4      | Reached skill level 7 in Unarmed Combat
  2517 | D:4      | Slain by an orc priest

Illustrated notes

Levels and vault maps discovered:
D:1:      tarquinn_simple_flora_water_f, layout_rooms,
          hangedman_decor_peaks_small
D:2:      layout_loops_cross, serial_shops, shop
D:3:      layout_basic, nicolae_ashenzari_skybound,
          minmay_misc_feat_secret_circle, uniq_natasha
D:4:      layout_loops_ring, kennysheep_mini_moat, kennysheep_generic_room_2

Skill      XL: |  1  2  3  4  5  6 |
---------------+-------------------+-----
Fighting       | 3 4 |  4.0
Unarmed Combat | 4 5 6 7 |  7.2
Throwing       | |  1.7
Dodging        | |  2.6

Action                   |  1- 3 |  4- 6 || total
-------------------------+-------+-------++-------
Melee: Unarmed           |   129 |   116 ||   245
       Punch             |     2 |     2 ||     4
Armor: Leather armour    |     7 |       ||     7
       Scale mail        |    53 |    23 ||    76
       Chain mail        |       |    11 ||    11
Dodge: Dodged            |    73 |    32 ||   105

Table legend: (Time is in decaauts)
 A = Elapsed time spent in this place.
 B = Non-inter-level travel time spent in this place.
 C = Inter-level travel time spent in this place.
 D = Time resting spent in this place.
 E = Time spent auto-exploring this place.
 F = Levels seen in this place.
 G = Mean time per level.
                   A        B        C        D        E       F      G
               +--------+--------+--------+--------+--------+-----+--------+
         Total |   2493 |   2439 |     54 |      0 |   1617 |   4 |  623.2 |
       Dungeon |   2493 |   2439 |     54 |      0 |   1617 |   4 |  623.2 |
               +--------+--------+--------+--------+--------+-----+--------+

Top non-repeatable levels by time:
     D:3: 1031 daAuts
     D:2: 715 daAuts
     D:1: 662 daAuts
     D:4: 84 daAuts
